 Dungeon Crawl Stone Soup version 0.24.0-123-gd5b16e6ec5 (webtiles) character file.

Game seed: 1392047505988594627, levelgen mode: deterministic

52 Elellon the Chopper (level 3, -1/31 HPs)
             Began as a Hill Orc Fighter on Jan 12, 2020.
             Slain by Natasha (7 damage)
             ... on level 2 of the Dungeon.
             The game lasted 00:01:31 (1034 turns).

Elellon the Chopper (Hill Orc Fighter)              Turns: 1034, Time: 00:01:32

Health: -1/31      AC:  9    Str: 19    XL:     3   Next: 85%
Magic:  3/3        EV:  5    Int:  8    God:
Gold:   98         SH:  9    Dex: 10    Spells: 2/2 levels left

rFire    . . .     SeeInvis .   a - +0 war axe
rCold    . . .     Gourm    .   c - +0 shield
rNeg     . . .     Faith    .   q - +0 chain mail
rPois    .         Spirit   .   (no helmet)
rElec    .         Reflect  .   (no cloak)
rCorr    .         Harm     .   (no gloves)
MR       .....                  (no boots)
Stlth    ..........             (no amulet)
HPRegen  0.10/turn              (no ring)
MPRegen  0.08/turn              (no ring)

@: no status effects
A: no striking features
a: no special abilities


You were on level 2 of the Dungeon.
You were not hungry.

You visited 1 branch of the dungeon, and saw 2 of its levels.

You collected 98 gold pieces.

Inventory:

Hand Weapons
 a - a +0 war axe (weapon)
Armour
 c - a +0 shield (worn)
 q - a +0 chain mail (worn)
Jewellery
 i - an uncursed ring of resist corrosion {unknown}
Scrolls
 g - 4 scrolls of magic mapping {unknown}
 j - a scroll of teleportation {unknown}
 k - a scroll of remove curse {unknown}
 m - a scroll of enchant weapon {unknown}
 p - a scroll of identify {unknown}
Potions
 d - a potion of might
 e - 2 potions of heal wounds {unknown}
 l - a potion of curing
 n - a potion of resistance {unknown}
 o - 2 potions of lignification {unknown}
Comestibles
 f - 3 rations
 h - 4 chunks of flesh


   Skills:
 - Level 3.6 Fighting
 + Level 5.4 Axes
 - Level 3.2 Armour
 - Level 3.2 Shields


You had 2 spell levels left.
You didn't know any spells.
Your spell library was empty.

Dungeon Overview and Level Annotations

Branches:
Dungeon (2/15)

Altars:

Annotations:
D:2 Natasha


Message History

You block Natasha's attack. Natasha claws you.
* * * LOW HITPOINT WARNING * * *
Your shield and chain mail prevent you from hitting Natasha.
Natasha is heavily wounded.
The white imp sputters.
Natasha drinks a potion.
Natasha is healed!
You block Natasha's attack. Natasha claws you but does no damage.
You completely miss Natasha.
You feel yourself speed up. Natasha claws you.
* * * LOW HITPOINT WARNING * * *
You block Natasha's attack.
You hit Natasha.
Natasha is lightly wounded.
Natasha mumbles some strange words.
You hit Natasha but do no damage.
Natasha is lightly wounded.
You hit the shadow imp but do no damage.
Natasha claws you!
You die...

....#.#
##................. ...
#.................. ###.
.###.....รท............
#........................
#...##.......[...........
.$..##.#.................
.........................
.......##5#####.#.......#
.......#@.# #...........
.......h.#####........[(.
........##...............
####..#.#..#####.........
##.#.. #......... . ...
##........ .# .###
##.....## .. #. #######
## ..


You could see Natasha and a shadow imp.

Vanquished Creatures
  An adder (D:2)
  A worm (D:2)
  A dart slug (D:1)
  2 ball pythons (D:1)
  5 bats
  3 giant cockroaches (D:1)
  6 goblins
  4 hobgoblins
  4 jackals (D:1)
  2 kobolds
  3 frilled lizards
  2 rats (D:1)
34 creatures vanquished.

Notes
Turn   | Place    | Note
-------+----------+-------------------------------------------
     0 | D:1      | Elellon the Hill Orc Fighter began the quest for the Orb.
     0 | D:1      | Reached XP level 1. HP: 19/19 MP: 1/1
    58 | D:1      | Reached skill level 3 in Axes
   109 | D:1      | Reached XP level 2. HP: 20/26 MP: 2/2
   174 | D:1      | Reached skill level 4 in Axes
   444 | D:1      | Reached XP level 3. HP: 30/31 MP: 3/3
   736 | D:2      | Reached skill level 5 in Axes
  1020 | D:2      | Noticed Natasha
  1034 | D:2      | Slain by Natasha

Levels and vault maps discovered:
D:1:      lemuel_arrival_broad_hall, layout_loops_ring
D:2:      layout_rooms, nicolae_ru_awakened_eye, uniq_natasha

Skill      XL: |  1  2  3 |
---------------+----------+-----
Axes           | 3 4 5 |  5.4
Fighting       | |  3.6
Armour         | |  3.2
Shields        | |  3.2

Action                   || total
-------------------------++-------
Melee: War axe           ||   102
  Eat: Chunk             ||     1
Armor: Scale mail        ||    43
       Chain mail        ||     2
Dodge: Dodged            ||    31
Block: Shield            ||    44
